 Dungeon Crawl Stone Soup version 0.17.0-24-gcfadda4 (webtiles) character file.

498007 MDvedh the Acrobat (level 23, -2/147 HPs)
             Began as a Deep Elf Fire Elementalist on Nov 16, 2015.
             Was the Champion of Vehumet.
             Killed from afar by a shadow dragon (21 damage)
             ... with a bolt of negative energy
             ... on level 5 of the Vaults on Nov 17, 2015.
             The game lasted 04:08:28 (78979 turns).

MDvedh the Acrobat (Deep Elf Fire Elementalist)    Turns: 78979, Time: 04:08:28

Health: -2/147     AC: 17    Str:  7    XL:     23   Next: 70%
Magic:  3/51       EV: 27    Int: 48    God:    Vehumet [******]
Gold:   2045       SH:  7    Dex: 17    Spells: 9 memorised, 3 levels left

rFire  + . .     SeeInvis +     Z - +4 dagger "Morg" {pain, MR+ Int+5}
rCold  . . .     Clarity  .     Y - +4 leather armour "Foric" {MP+9 Int+4}
rNeg   + . .     SustAt   .     E - +2 buckler {rF+}
rPois  .         Gourm    .     x - +2 helmet {Int+3}
rElec  .         Spirit   .     G - +1 cloak
rCorr  .         Warding  +     B - +2 pair of gloves
rMut   .         Stasis   .     Q - +1 pair of boots
MR     ++++.                    a - amulet of warding
Stlth  ++........               J - ring of Generosity {+Fly MR+ SInv}
                                j - +5 ring of intelligence

@: drained, incredibly resistant to hostile enchantments, unstealthy
A: agile 1, strong 1, wild magic 1, no device heal 1
a: Renounce Religion, Evoke Flight
}: 3/15 runes: decaying, serpentine, slimy


You were on level 5 of the Vaults.
You worshipped Vehumet.
Vehumet was exalted by your worship.
You were not hungry.

You visited 8 branches of the dungeon, and saw 49 of its levels.
You also visited: Labyrinth.

You collected 6414 gold pieces.
You spent 4369 gold pieces at shops.

Inventory:

Hand Weapons
 r - the +4 falchion "Giantslayer" {flame, rElec rN+++ Str+4 Int-4}
   (You found it on level 3 of the Orcish Mines)

   It has been specially enchanted to burn those struck by it, causing extra
   injury to most foes and up to half again as much damage against particularly
   susceptible opponents.
   Big, fiery blades are also staple armaments of hydra-hunters.
   It affects your strength (+4).
   It affects your intelligence (-4).
   It insulates you from electricity.
   It renders you almost immune to negative energy.
 Z - the +4 dagger "Morg" (weapon) {pain, MR+ Int+5}
   (You bought it in a shop on level 3 of the Orcish Mines)

   In the hands of one skilled in necromantic magic, it inflicts extra damage on
   living creatures.
   It affects your intelligence (+5).
   It affects your resistance to hostile enchantments.
Armour
 x - a +2 helmet of intelligence (worn)
 B - a +2 pair of gloves (worn)
 E - a +2 buckler of fire resistance (worn)
 G - a +1 cloak (worn)
 Q - a +1 pair of boots (worn)
 Y - the +4 leather armour "Foric" (worn) {MP+9 Int+4}
   (You found it on level 4 of the Lair of Beasts)

   It affects your intelligence (+4).
   It affects your magic capacity (+9).
Jewellery
 a - an amulet of warding (around neck)
 b - an uncursed ring of poison resistance
 d - the ring "Buceigg" {rElec EV+5}
   (You found it on level 3 of the Elven Halls)

   [ring of evasion]

   It affects your evasion (+5).
   It insulates you from electricity.
 i - an uncursed ring of fire
 j - a +5 ring of intelligence (left hand)
 l - an uncursed ring of protection from fire
 v - the ring of Diecroubeyrch {rPois MR- Str+4 SInv}
   (You found it on level 8 of the Dungeon)

   [ring of see invisible]

   It affects your strength (+4).
   It protects you from poison.
   It affects your resistance to hostile enchantments.
   It lets you see invisible.
 J - the ring of Generosity (right hand) {+Fly MR+ SInv}
   (You found it on level 3 of the Elven Halls)

   [ring of protection from magic]

   It affects your resistance to hostile enchantments.
   It lets you see invisible.
   It lets you fly.
 L - an uncursed amulet of resist mutation
 P - the ring "Quodahotz" {*Drain rF+ rN++ MR+ Int+3}
   (You found it on level 3 of the Elven Halls)

   [ring of intelligence]

   It affects your intelligence (+3).
   It protects you from fire.
   It greatly protects you from negative energy.
   It affects your resistance to hostile enchantments.
   It causes draining when unequipped.
 S - an uncursed ring of protection from cold
 X - the ring "Koizxelestry" {+Blink +Inv MP+9}
   (You took it off a fire giant on level 4 of the Vaults)

   [ring of magical power]

   It affects your magic capacity (+9).
   It lets you turn invisible.
   It lets you blink.
Wands
 o - a wand of digging (7)
 H - a wand of heal wounds (2)
Scrolls
 k - 6 scrolls of enchant armour
 n - a scroll of identify
 p - 10 scrolls of recharging
 q - 6 scrolls of fear
 s - 11 scrolls of teleportation
 t - 10 scrolls of remove curse
 u - 7 scrolls of enchant weapon
 y - 5 scrolls of fog
 A - 2 scrolls of summoning
 C - 2 scrolls of amnesia
 O - 5 scrolls of magic mapping
 R - a scroll of blinking
 T - a scroll of silence
Potions
 f - 4 potions of flight
 h - 14 potions of curing
 z - 4 potions of heal wounds
 D - 3 potions of cure mutation
 F - 3 potions of haste
 I - 4 potions of resistance
 K - 5 potions of agility
 V - a potion of cancellation
 W - a potion of magic
Books
 e - Velashrih's Almanac of Burning Damage Dealing
   (You found it on level 4 of the Vaults)

   Spells                             Type                      Level
   a - Flame Tongue                   Conjuration/Fire             1
   b - Throw Flame                    Conjuration/Fire             2
   c - Inner Flame                    Hexes/Fire                   3
   d - Iron Shot                      Conjuration/Earth            6
 N - a book of the Tempests

   Spells                             Type                      Level
   a - Static Discharge               Conjuration/Air              3
   b - Lightning Bolt                 Conjuration/Air              5
   c - Fireball                       Conjuration/Fire             5
   d - Tornado                        Air                          9
   e - Shatter                        Earth                        9
 U - an Akashic Record

   Spells                             Type                      Level
   a - Dispersal                      Translocation                6
   b - Malign Gateway                 Summoning/Translocation      7
   c - Disjunction                    Translocation                8
   d - Controlled Blink               Translocation                8
Comestibles
 c - 23 bread rations
 m - 5 meat rations


   Skills:
 + Level 16.1(15.7) Fighting
 + Level 21.6(21.1) Dodging
 - Level 2.4(2.0) Stealth
 - Level 5.1(4.7) Shields
 - Level 13.8(13.4) Spellcasting
 - Level 20.1(19.6) Conjurations
 * Level 12.8(12.4) Charms
 - Level 5.0(4.6) Necromancy
 * Level 20.4(19.9) Fire Magic
 - Level 7.2(6.8) Ice Magic
 - Level 7.4(7.0) Air Magic
 - Level 3.9(3.5) Earth Magic


You had 3 spell levels left.
You knew the following spells:

 Your Spells              Type           Power        Failure   Level  Hunger
a - Flame Tongue          Conj/Fire      #####        1%          1    None
b - Bolt of Fire          Conj/Fire      ########..   1%          6    None
c - Sticky Flame          Conj/Fire      ########     1%          4    None
d - Fireball              Conj/Fire      ########..   1%          5    None
e - Bolt of Draining      Conj/Necr      ########..   1%          5    None
f - Stone Arrow           Conj/Erth      ######       1%          3    None
g - Ring of Flames        Chrm/Fire      ########..   4%          7    ##.....
i - Freezing Cloud        Conj/Ice/Air   ########..   1%          6    None
q - Fire Storm            Conj/Fire      ########..   11%         9    ######.


Dungeon Overview and Level Annotations

Branches:
Dungeon (15/15)            Temple (0/1) D:7            Lair (8/8) D:8
  Swamp (4/4) Lair:3        Snake (4/4) Lair:3        Slime (6/6) Lair:6
    Orc (4/4) D:11            Elf (3/3) Orc:3        Vaults (5/5) D:13
  Crypt (0/3) Vaults:3     Depths (0/5) D:15

Altars:
Ashenzari
Dithmenos
Fedhas
Gozag
Kikubaaqudgha
Makhleb
Nemelex Xobeh
Okawaru
Qazlal
Ru
Sif Muna
Trog
Vehumet
Xom
Yredelemnul
Zin
Jiyva

Shops:
D:5 }   D:10 %   D:11 (   D:12 !:[%   Orc:3 *   Orc:4 !(*}   Elf:1 %
Snake:1 :([   Vaults:1 =   Vaults:2 *

Portals:
Pandemonium: Orc:4
Trove: Vaults:2 (give +4 demon trident)

Annotations:
Lair:8 1 runed door
Elf:2 3 runed doors
Vaults:5 Jory


Innate Abilities, Weirdness & Mutations

You are agile. (Dex +2)
Your muscles are strong. (Str +2)
Your spells are a little harder to cast, but a little more powerful.
Potions and wands are less effective at restoring your health.


Message History

The yaktaur captain shoots a bolt of flame.
The bolt of flame hits you!!!
* * * LOW HITPOINT WARNING * * *
The bolt of flame burns you.
* * * LOW HITPOINT WARNING * * *
The shadow dragon breathes negative energy at you.
The bolt of negative energy misses you.
The shadow dragon breathes negative energy at you.
The bolt of negative energy misses you.
Saving game... please wait.
Level annotation: Jory Welcome back, MDvedh the Deep Elf Fire Elementalist.
Vehumet says: Let it end in hellfire!
Press ? for a list of commands and other information.
Drink which item? (? for menu, Esc to quit)
You feel much better.
The deep elf sorcerer gestures wildly while chanting.
The shadow dragon breathes negative energy at you.
The bolt of negative energy hits you! You partially resist.
You feel drained.
You die...

.......D.......([[[(......
.......D....%....<<[(.....
§C..........[..†<.[<......
.....C..V...().[[<<)......
##############.[[XD)..####
........[c...§§
....#D.C.#.##§V #..
#..D.#..# v #. #@..3# ..#
# #....# ..# #p.e.# ...
#....# #....# #....#
#....# #....#


You could see 3 shadow dragons, a tentacled monstrosity, a fire giant, a yaktaur
captain, a deep elf sorcerer, an ironbrand convoker and a neqoxec.

Vanquished Creatures
  the royal jelly (Slime:6)
  An ancient lich (Vaults:5)
  Vashnia (Snake:4)
  A golden dragon (Vaults:5)
  Jorgrun (Vaults:1)
  A titan (Vaults:4)
  A quicksilver dragon (shapeshifter) (Vaults:4)
  A lich (Vaults:2)
  6 deep elf master archers (Elf:3)
  16 acid blobs
  2 deep elf blademasters (Elf:3)
  4 sphinxes
  A quicksilver dragon (Vaults:4)
  4 storm dragons
  Kirke (Lair:6)
  4 thorn hunters
  8 greater nagas
  2 tengu reavers
  4 fire giants (Vaults:4)
  The ghost of hadoken the Eclecticist, an adept DECj of Sif Muna (Vaults:1)
  Wiglaf (Vaults:1)
  Donald (Snake:4)
  6 azure jellies (Slime:6)
  Maud (Lair:5)
  3 frost giants
  8 deep elf sorcerers
  15 vault wardens
  The ghost of dadoka the Devastator, an adept KoIE of Vehumet (D:13)
  6 very ugly things
  9 stone giants
  21 ironheart preservers
  Nessos (Orc:4)
  4 deep elf demonologists
  3 salamander stormcallers
  Azrael (Snake:2)
  A dire elephant (D:15)
  8 deep elf annihilators
  Snorg (Orc:2)
  2 deep elf death magi
  5 death oozes (Slime:6)
  6 ettins
  A minotaur (Lab)
  Erolcha (D:9)
  47 vault guards
  Josephine (Lair:6)
  2 fire dragons (Vaults:1)
  The ghost of inmateoo the Bewitcher, a journeyman FeEn of Makhleb (Orc:4)
  2 deep elf high priests (Elf:3)
  4 great orbs of eyes
  5 yaktaur captains
  Harold (Lair:4)
  20 hydras
  4 ice dragons
  21 naga warriors
  10 centaur warriors
  Erica (Lair:2)
  A ghost crab (Swamp:2)
  2 deep troll shamans
  2 catoblepae
  5 ogre magi
  11 alligators
  2 dancing weapons
  7 anacondas
  9 death yaks
  6 orc high priests
  13 naga sharpshooters
  A deep troll earth mage (Vaults:1)
  3 shadow wraiths
  9 shock serpents
  15 deep elf knights
  A hell knight (Vaults:4)
  2 salamander mystics
  3 giant orange brains
  A skeletal warrior (D:13)
  3 spriggan druids
  13 sea snakes
  A giant orange brain (shapeshifter) (Vaults:2)
  3 flayed ghosts
  8 swamp dragons
  18 deep trolls
  A torturous demonspawn (Orc:4)
  25 hill giants
  A gelid demonspawn (Orc:4)
  2 lindwurms (Lair:8)
  2 naga ritualists
  An infernal demonspawn (Orc:4)
  7 shambling mangroves
  12 deep elf summoners
  15 orc knights
  A tengu zombie (Vaults:3)
  8 mana vipers
  An orb spider (shapeshifter) (Vaults:1)
  11 ironbrand convokers
  5 griffons
  3 shining eyes
  6 wolf spiders
  2 phantasmal warriors (Vaults:4)
  11 salamanders
  A cyclops (shapeshifter) (Vaults:4)
  A stone giant zombie (Vaults:3)
  A necromancer (Vaults:3)
  8 hornets
  A hornet (shapeshifter) (Vaults:1)
  25 ugly things
  7 manticores
  30 deep elf conjurers
  A manticore (shapeshifter) (Vaults:5)
  9 orc sorcerers
  11 cyclopes
  A sixfirhy (Orc:4)
  3 eyes of devastation
  7 elephants
  A water nymph (shapeshifter) (Vaults:4)
  15 naga magi
  32 black mambas
  24 spiny frogs
  10 guardian serpents
  A spiny frog (shapeshifter) (D:13)
  Psyche (D:9)
  13 vault sentinels
  5 torpor snails (Lair:8)
  2 gargoyles
  An efreet (D:15)
  2 fire drakes
  5 kobold demonologists
  2 red devils (Orc:4)
  A hellwing (Orc:4)
  4 tengu conjurers
  13 freezing wraiths
  6 komodo dragons
  A minotaur zombie (Lab)
  7 trolls
  12 giant leeches
  31 yaktaurs
  9 deep elf priests
  A queen bee (shapeshifter) (Vaults:2)
  A polar bear (Lair:3)
  A blue devil (Orc:4)
  13 two-headed ogres
  82 slime creatures
  35 blink frogs
  6 boulder beetles
  8 bog bodies
  A centaur simulacrum (D:14)
  3 trapdoor spiders
  An ettin skeleton (Vaults:3)
  5 spriggans
  4 shadows
  A tarantella (shapeshifter) (D:13)
  6 wraiths
  7 redbacks
  A vampire (D:12)
  27 deep elf magi
  16 humans
  18 hippogriffs
  4 fire elementals (Snake:2)
  4 wyverns
  32 yaks
  6 swamp worm simulacra (Swamp:4)
  A golden eye (shapeshifter) (Vaults:3)
  3 basilisks
  6 golden eyes (Slime:5)
  A yaktaur simulacrum (Vaults:2)
  17 vampire mosquitoes
  Menkaure (D:5)
  2 hell hounds (Snake:2)
  10 insubstantial wisps
  10 wargs
  Edmund (D:4)
  A hungry ghost (D:12)
  55 nagas
  18 swamp worms
  32 deep elf fighters
  26 wolves
  7 ice beasts
  22 wasps
  8 porcupines
  10 water moccasins
  3 eyes of draining
  13 hydra simulacra (Swamp:4)
  7 swamp drakes
  29 centaurs
  A black bear (shapeshifter) (Vaults:1)
  An ettin simulacrum (Vaults:3)
  36 ogres
  3 black bears
  4 phantoms
  A necrophage (D:12)
  A swamp drake (shapeshifter) (Vaults:3)
  36 orc warriors
  3 sky beasts
  5 big kobolds
  19 crocodiles
  28 giant frogs
  4 brain worms (Lair:8)
  11 killer bees
  A wyvern zombie (D:14)
  2 scorpions
  11 jellies
  3 electric eels
  A giant frog zombie (D:5)
  8 crimson imps
  29 orc wizards
  5 centaur zombies
  7 hounds
  2 giant frog skeletons
  36 orc priests
  5 centaur skeletons
  13 iguanas
  A quasit (D:14)
  7 worker ants
  Natasha (twice) (D:4)
  7 hell rats (Lair:5)
  24 sheep
  A worker ant zombie (D:9)
  8 adders
  18 river rats
  A shadow imp (D:7)
  2 swamp drake simulacra (Swamp:4)
  3 oozes
  2 adder skeletons
  21 worms
  7 giant geckos
  201 orcs
  3 ball pythons
  8 giant cockroaches
  2 gnoll zombies (D:2)
  9 goblins
  12 hobgoblins
  13 kobolds
  2 quokkas
  7 bats
  A giant gecko skeleton (D:7)
  3 giant newts
  17 jackals
  5 rats
  A plant (Lair:2)
2073 creatures vanquished.

Vanquished Creatures (collateral kills)
  An azure jelly (Slime:6)
  A vault guard (Vaults:5)
  A jelly (Slime:6)
  An orc (Vaults:5)
4 creatures vanquished.

Vanquished Creatures (others)
  An azure jelly (Swamp:4)
  A vault guard (Vaults:5)
  2 humans (Lair:7)
  A fire elemental (Snake:2)
  A swamp worm (Swamp:4)
  A wolf (Lair:7)
  A porcupine (Lair:7)
  2 river rats (Lair:7)
  A ball python (D:7)
  28 fire vortices
  A fulminant prism (Vaults:1)
  19 fungi
  37 plants
96 creatures vanquished.

Grand Total: 2173 creatures vanquished

Notes
Turn   | Place    | Note
--------------------------------------------------------------
     0 | D:1      | MDvedh the Deep Elf Fire Elementalist began the quest for the Orb.
     0 | D:1      | Reached XP level 1. HP: 10/10 MP: 6/6
   389 | D:1      | Reached XP level 2. HP: 15/15 MP: 6/8
   855 | D:1      | Reached skill level 4 in Spellcasting
   918 | D:1      | Reached XP level 3. HP: 11/19 MP: 10/10
   954 | D:1      | Learned a level 3 spell: Conjure Flame
  1551 | D:2      | Found a stormy altar of Qazlal.
  1739 | D:2      | Found a glowing silver altar of Zin.
  2410 | D:2      | Reached XP level 4. HP: 21/24 MP: 12/12
  2691 | D:2      | Found a radiant altar of Vehumet.
  2691 | D:2      | Found a burning altar of Makhleb.
  2789 | D:2      | Became a worshipper of Vehumet
  2795 | D:2      | Learned a level 4 spell: Sticky Flame
  3173 | D:2      | Found a basalt altar of Yredelemnul.
  4185 | D:4      | Noticed Natasha
  4185 | D:4      | Noticed an ogre
  4217 | D:4      | Reached XP level 5. HP: 18/28 MP: 9/13
  4227 | D:4      | Reached * piety under Vehumet
  4227 | D:4      | Offered knowledge of Sting by Vehumet.
  4354 | D:4      | Noticed Edmund
  4383 | D:4      | Killed Edmund
  4383 | D:4      | Reached skill level 5 in Fire Magic
  4383 | D:4      | Reached XP level 6. HP: 32/32 MP: 0/14
  4496 | D:4      | Found a blossoming altar of Fedhas.
  4537 | D:4      | Killed Natasha
  4537 | D:4      | Reached skill level 5 in Conjurations
  4604 | D:4      | Killed an ogre
  4825 | D:4      | Noticed a phantom
  4979 | D:4      | Reached skill level 6 in Fire Magic
  5069 | D:4      | Killed a phantom
  5069 | D:4      | Reached XP level 7. HP: 30/36 MP: 9/15
  5081 | D:4      | Learned a level 5 spell: Fireball
  5090 | D:4      | Noticed Natasha
  5092 | D:4      | Killed Natasha
  5205 | D:5      | Entered Level 5 of the Dungeon
  5255 | D:5      | Found Byraagil's Quality Used Wands.
  5274 | D:5      | Noticed Menkaure
  5384 | D:5      | Killed Menkaure
  5535 | D:5      | Reached skill level 7 in Fire Magic
  6010 | D:6      | Found an iron altar of Okawaru.
  6050 | D:6      | Found a bloodstained altar of Trog.
  6060 | D:6      | Reached XP level 8. HP: 22/41 MP: 11/16
  6524 | D:6      | Reached skill level 8 in Fire Magic
  6984 | D:6      | Found a deep blue altar of Sif Muna.
  7020 | D:6      | Found a shimmering altar of Xom.
  7035 | D:6      | Found a shadowy altar of Dithmenos.
  7039 | D:6      | Offered knowledge of Shock by Vehumet.
  7044 | D:6      | Reached ** piety under Vehumet
  7477 | D:6      | Found a stormy altar of Qazlal.
  7935 | D:7      | Reached skill level 9 in Fire Magic
  8468 | D:7      | Reached XP level 9. HP: 46/46 MP: 11/17
  8529 | D:7      | Found a staircase to the Ecumenical Temple.
  8630 | D:7      | Reached skill level 1 in Fighting
  8924 | D:7      | Found an opulent altar of Gozag.
  8924 | D:7      | Found a sparkling altar of Nemelex Xobeh.
  9303 | D:8      | Got a twitching bone ring
  9305 | D:8      | Identified the ring of Diecroubeyrch {rPois MR- Str+4 SInv} (You found it on level 8 of the Dungeon)
  9521 | D:8      | Found a staircase to the Lair.
  9522 | D:8      | Found a sparkling altar of Nemelex Xobeh.
  9553 | D:8      | Reached skill level 5 in Spellcasting
 10230 | D:8      | Offered knowledge of Stone Arrow by Vehumet.
 10235 | D:8      | Learned a level 3 spell: Stone Arrow
 10236 | D:8      | Reached skill level 5 in Dodging
 10285 | D:8      | Noticed a two-headed hydra
 10293 | D:8      | Killed a two-headed hydra
 10420 | D:9      | Noticed a gargoyle
 10446 | Lair:1   | Entered Level 1 of the Lair of Beasts
 10514 | Lair:1   | Reached XP level 10. HP: 45/56 MP: 16/23
 10523 | Lair:1   | Found a labyrinth entrance.
 10546 | Lab      | Entered a labyrinth
 10744 | Lab      | Noticed a minotaur
 10759 | Lab      | Killed a minotaur
 10765 | Lab      | Identified the Disquisition on Benedictions and the Birds
 10766 | Lab      | Got a blackened scimitar
 10767 | Lab      | Identified the +7 scimitar "Witisto" {antimagic, *Drain Str-5 Int+4 Dex+8} (You found it in a labyrinth)
 10845 | Lab      | HP: 1/58 [minotaur zombie (11)]
 10853 | Lab      | Reached *** piety under Vehumet
 11188 | Lair:1   | Reached skill level 5 in Fighting
 11456 | Lair:1   | Offered knowledge of Dazzling Spray by Vehumet.
 11706 | Lair:2   | Reached skill level 10 in Spellcasting
 12111 | Lair:2   | Reached skill level 1 in Earth Magic
 12225 | Lair:2   | Noticed a black mamba
 12228 | Lair:2   | Killed a black mamba
 12336 | Lair:2   | Reached XP level 11. HP: 64/64 MP: 18/27
 12725 | Lair:2   | Reached **** piety under Vehumet
 13138 | Lair:2   | Noticed Erica
 13142 | Lair:2   | Killed Erica
 13142 | Lair:2   | Offered knowledge of Bolt of Draining by Vehumet.
 13153 | Lair:2   | Learned a level 5 spell: Bolt of Draining
 13354 | Lair:3   | Reached skill level 1 in Necromancy
 13494 | Lair:3   | Found a staircase to the Swamp.
 13603 | Lair:3   | Found a staircase to the Snake Pit.
 13744 | Lair:3   | Reached skill level 10 in Dodging
 14581 | Lair:3   | Reached skill level 5 in Necromancy
 15107 | Lair:4   | Noticed a seven-headed hydra
 15260 | Lair:4   | Found a shattered altar of Ashenzari.
 15409 | Lair:4   | Got an opal-encrusted leather armour
 15420 | Lair:4   | Identified the +4 leather armour "Foric" {MP+9 Int+4} (You found it on level 4 of the Lair of Beasts)
 15468 | Lair:4   | Learned a level 7 spell: Ring of Flames
 15518 | Lair:4   | Noticed Harold
 15539 | Lair:4   | Killed Harold
 15539 | Lair:4   | Reached skill level 11 in Dodging
 15539 | Lair:4   | Reached skill level 1 in Charms
 15632 | Lair:4   | Killed a seven-headed hydra
 15735 | Lair:4   | Reached XP level 12. HP: 64/73 MP: 26/28
 16344 | Lair:5   | Noticed Maud
 16355 | Lair:5   | Killed Maud
 16355 | Lair:5   | Reached skill level 5 in Charms
 16626 | Lair:5   | Reached ***** piety under Vehumet
 16626 | Lair:5   | Offered knowledge of Airstrike by Vehumet.
 17412 | Lair:6   | Found a viscous altar of Jiyva.
 17448 | Lair:6   | Reached skill level 12 in Dodging
 17536 | Lair:6   | Noticed a four-headed hydra
 17730 | Lair:6   | Killed a four-headed hydra
 17966 | Lair:6   | Noticed an eight-headed hydra
 17976 | Lair:6   | Killed an eight-headed hydra
 18103 | Lair:6   | Noticed an eight-headed hydra
 18115 | Lair:6   | Killed an eight-headed hydra
 18313 | Lair:6   | Reached skill level 13 in Dodging
 18474 | Lair:6   | Found a staircase to the Slime Pits.
 18803 | Lair:6   | Noticed Josephine
 18814 | Lair:6   | Killed Josephine
 18814 | Lair:6   | Reached XP level 13. HP: 80/80 MP: 25/29
 19004 | Lair:6   | Learned a level 4 spell: Airstrike
 19553 | Lair:7   | Noticed Kirke
 19576 | Lair:6   | Killed Kirke
 19576 | Lair:6   | Reached skill level 10 in Fighting
 19576 | Lair:6   | Reached skill level 14 in Dodging
 19614 | Lair:6   | Offered knowledge of Iron Shot by Vehumet.
 20853 | Lair:8   | Entered Level 8 of the Lair of Beasts
 21151 | Lair:8   | Got a bloodstained longbow
 21152 | Lair:8   | Identified the +8 longbow "Fuoch" {venom, +Blink rElec Str+4 Int-5} (You found it on level 8 of the Lair of Beasts)
 21529 | Lair:8   | Reached skill level 1 in Shields
 22019 | Lair:8   | Reached skill level 15 in Dodging
 22362 | Lair:8   | Reached XP level 14. HP: 88/88 MP: 25/31
 22808 | Lair:8   | Got a steaming scale mail
 22821 | Lair:8   | Identified the cursed +0 scale mail of the Hanged Man {rCorr Int+3} (You found it on level 8 of the Lair of Beasts)
 22900 | Lair:8   | Reached ****** piety under Vehumet
 23328 | Lair:8   | Offered knowledge of Freezing Cloud by Vehumet.
 23778 | Lair:8   | Found a runed door.
 24494 | D:9      | Noticed Psyche
 24499 | D:9      | Killed Psyche
 24528 | D:9      | Gained mutation: Potions and wands are less effective at restoring your health. [mutagenic meat]
 24578 | D:9      | Killed a gargoyle
 24693 | D:9      | Reached skill level 5 in Shields
 24795 | D:9      | Noticed Erolcha
 24797 | D:9      | Killed Erolcha
 25004 | D:9      | Learned a level 6 spell: Freezing Cloud
 25286 | D:10     | Entered Level 10 of the Dungeon
 25545 | D:10     | Reached skill level 1 in Ice Magic
 25579 | D:10     | Reached skill level 1 in Air Magic
 25646 | D:10     | Offered knowledge of Bolt of Cold by Vehumet.
 25654 | D:10     | Found Ryikaah's Food Emporium.
 26046 | D:11     | Found a staircase to the Orcish Mines.
 26335 | D:11     | Found Yttimnig's Antique Weapon Emporium.
 26340 | D:11     | Bought a translucent dagger for 154 gold pieces
 26340 | D:11     | Identified the +9 dagger "Lepuyd" {pierce, rF+ rC- Int+4} (You bought it in a shop on level 11 of the Dungeon)
 26742 | Orc:1    | Entered Level 1 of the Orcish Mines
 27179 | Orc:2    | Noticed Snorg
 27183 | Orc:2    | Killed Snorg
 27183 | Orc:2    | Reached skill level 16 in Dodging
 27492 | Orc:3    | Offered knowledge of Spellforged Servitor by Vehumet.
 27974 | Orc:3    | Reached XP level 15. HP: 95/95 MP: 20/33
 28208 | Orc:3    | Got an ichor-stained rapier
 28209 | Orc:3    | Identified the +12 rapier "Gram" {speed, *Drain rPois Stlth+} (You found it on level 3 of the Orcish Mines)
 28213 | Orc:3    | Got a shimmering falchion
 28217 | Orc:3    | Identified the +4 falchion "Giantslayer" {flame, rElec rN+++ Str+4 Int-4} (You found it on level 3 of the Orcish Mines)
 28292 | Orc:3    | Found Diokhana's General Store.
 28592 | Orc:3    | Offered knowledge of Bolt of Fire by Vehumet.
 28932 | Orc:3    | Found a staircase to the Elven Halls.
 29220 | Orc:3    | Bought the +4 dagger "Morg" {pain, MR+ Int+5} for 529 gold pieces
 29265 | Orc:4    | Entered Level 4 of the Orcish Mines
 29709 | Orc:4    | Offered knowledge of Conjure Ball Lightning by Vehumet.
 30026 | Orc:4    | Found Gipek's General Store.
 30054 | Orc:4    | Reached skill level 5 in Ice Magic
 30092 | Orc:4    | Noticed Nessos
 30378 | Orc:4    | Killed Nessos
 30491 | Orc:4    | Found Afysa's Distillery.
 30494 | Orc:4    | Noticed inmateoo's ghost (journeyman FeEn)
 30904 | Orc:4    | Reached skill level 5 in Air Magic
 31076 | Orc:4    | Offered knowledge of Fire Storm by Vehumet.
 31076 | Orc:4    | Offered knowledge of Glaciate by Vehumet.
 31076 | Orc:4    | Offered knowledge of Chain Lightning by Vehumet.
 31420 | Orc:4    | Found Nycralau's Gadget Boutique.
 31420 | Orc:4    | Found Kirchou's Antique Weapon Shop.
 31420 | Orc:4    | Found a one-way gate leading to the halls of Pandemonium.
 31470 | Orc:4    | Bought a potion of mutation for 27 gold pieces
 31473 | Orc:4    | Bought a potion of curing for 45 gold pieces
 31473 | Orc:4    | Bought a scroll of identify for 30 gold pieces
 31516 | Orc:4    | Bought an ichor-stained hand axe for 256 gold pieces
 31516 | Orc:4    | Identified the +6 hand axe of Juorghy {drain, *Drain Dex+7} (You bought it in a shop on level 4 of the Orcish Mines)
 31854 | Orc:4    | Killed inmateoo's ghost
 32009 | D:12     | Found Tocorajueti's Distillery.
 32209 | D:12     | Bought 2 potions of beneficial mutation for 1260 gold pieces
 32209 | D:12     | Gained mutation: You are agile. (Dex +2) [potion of beneficial mutation]
 32210 | D:12     | Gained mutation: Your spells are a little harder to cast, but a little more powerful. [potion of beneficial mutation]
 32211 | D:12     | Gained mutation: Your muscles are strong. (Str +2) [potion of beneficial mutation]
 32392 | D:12     | Found Vilypry's Food Shop.
 32393 | D:12     | Found Voghic's Antique Armour Shoppe.
 32396 | D:12     | Found Nudush's Book Emporium.
 32404 | D:12     | Bought a shiny helmet for 121 gold pieces
 33527 | D:12     | Reached skill level 17 in Dodging
 33701 | D:13     | Found a gate to the Vaults.
 33900 | D:13     | Noticed dadoka's ghost (adept KoIE)
 33913 | D:13     | Killed dadoka's ghost
 34681 | D:13     | Reached XP level 16. HP: 103/103 MP: 34/34
 35708 | D:14     | Found a sacrificial altar of Ru.
 36423 | D:15     | Entered Level 15 of the Dungeon
 36937 | D:15     | Reached skill level 10 in Conjurations
 37037 | D:15     | Reached skill level 10 in Fire Magic
 38056 | D:15     | Found a staircase to the Depths.
 38663 | Swamp:1  | Entered Level 1 of the Swamp
 39378 | Swamp:1  | Got a crystal great sword
 43234 | Swamp:2  | Reached XP level 17. HP: 35/108 MP: 9/35
 45019 | Swamp:3  | Reached skill level 18 in Dodging
 45814 | Swamp:4  | Entered Level 4 of the Swamp
 47769 | Swamp:4  | Got a decaying rune of Zot
 47854 | Swamp:4  | Reached XP level 18. HP: 115/115 MP: 35/37
 48086 | Snake:1  | Entered Level 1 of the Snake Pit
 48513 | Snake:1  | Found Kiaddeig's Magic Scroll Boutique.
 48841 | Snake:1  | Found Myaxkeck's Book Shop.
 49606 | Snake:1  | Found Qulovouw's Weapon Emporium.
 49606 | Snake:1  | Found Neluper's Antique Armour Emporium.
 49625 | Snake:1  | Bought a pair of embroidered gloves for 162 gold pieces
 51136 | Snake:2  | Reached XP level 19. HP: 120/120 MP: 37/38
 51909 | Snake:2  | Noticed Azrael
 51921 | Snake:2  | Killed Azrael
 54170 | Snake:3  | Learned a level 9 spell: Fire Storm
 54184 | Snake:4  | Entered Level 4 of the Snake Pit
 54226 | Snake:4  | Noticed Donald
 54229 | Snake:4  | Killed Donald
 55110 | Snake:4  | Reached skill level 15 in Conjurations
 55398 | Snake:4  | Reached skill level 19 in Dodging
 55945 | Snake:4  | Noticed Vashnia
 55960 | Snake:4  | Killed Vashnia
 56420 | Snake:4  | Got a serpentine rune of Zot
 56709 | Snake:4  | Reached skill level 15 in Fire Magic
 57029 | Vaults:1 | Entered Level 1 of the Vaults
 57469 | Vaults:1 | Found Ocihug's Jewellery Shop.
 57492 | Vaults:1 | Bought an uncursed ring of protection from fire for 350 gold pieces
 57572 | Vaults:1 | Noticed Wiglaf
 57578 | Vaults:1 | Killed Wiglaf
 57709 | Vaults:1 | Reached XP level 20. HP: 127/127 MP: 39/39
 57713 | Vaults:1 | Noticed Jorgrun
 57721 | Vaults:1 | Killed Jorgrun
 58706 | Vaults:1 | Noticed hadoken's ghost (adept DECj)
 59201 | Vaults:1 | Killed hadoken's ghost
 59752 | Vaults:2 | Got a bloodstained leather armour
 59753 | Vaults:2 | Identified the cursed +1 leather armour of Cefop {rPois Str-4 Dex+4} (You found it on level 2 of the Vaults)
 60900 | Vaults:2 | Found a portal to a secret trove of treasure.
 62033 | Vaults:2 | Found Usuf's General Store.
 62590 | Vaults:2 | Got a brightly glowing scale mail
 62591 | Vaults:2 | Identified the +3 scale mail of Twilight {*Corrode rPois Str+4 Dex+3} (You found it on level 2 of the Vaults)
 62958 | D:12     | Bought a book of Fire for 715 gold pieces
 62965 | D:12     | Learned a level 6 spell: Bolt of Fire
 63989 | Vaults:3 | Reached XP level 21. HP: 133/133 MP: 40/40
 64292 | Vaults:3 | Found a staircase to the Crypt.
 64292 | Vaults:3 | Found a basalt altar of Yredelemnul.
 64323 | Vaults:3 | Found an ancient bone altar of Kikubaaqudgha.
 64483 | Vaults:3 | Reached skill level 20 in Dodging
 65744 | Vaults:3 | Reached skill level 15 in Fighting
 68697 | Vaults:4 | Reached XP level 22. HP: 140/140 MP: 37/41
 69561 | Vaults:4 | Got a slimy steel ring
 69704 | Vaults:4 | Identified the ring "Koizxelestry" {+Blink +Inv MP+9} (You took it off a fire giant on level 4 of the Vaults)
 69981 | Vaults:4 | Identified Velashrih's Almanac of Burning Damage Dealing
 70621 | Elf:1    | Entered Level 1 of the Elven Halls
 70774 | Vaults:1 | Bought an uncursed amulet of warding for 210 gold pieces
 71204 | Elf:1    | Identified Iskenderun's Reference Book on Conjuration
 71933 | Elf:1    | Found Nurex's Food Emporium.
 72385 | Elf:2    | Found a runed gate.
 72385 | Elf:2    | Found a runed gate.
 72851 | Elf:2    | Found a runed gate.
 73049 | Elf:3    | Entered Level 3 of the Elven Halls
 73840 | Elf:3    | Reached skill level 21 in Dodging
 74461 | Elf:3    | Got a heavily runed lapis lazuli ring
 74462 | Elf:3    | Identified the ring "Quodahotz" {*Drain rF+ rN++ MR+ Int+3} (You found it on level 3 of the Elven Halls)
 74807 | Elf:3    | Got a serpentine silver ring
 74808 | Elf:3    | Identified the ring of Generosity {+Fly MR+ SInv} (You found it on level 3 of the Elven Halls)
 74824 | Elf:3    | Got a crude pewter ring
 74825 | Elf:3    | Identified the ring "Buceigg" {rElec EV+5} (You found it on level 3 of the Elven Halls)
 74907 | Elf:3    | Got a jewelled ring mail
 74908 | Elf:3    | Identified the +4 ring mail of the Untouchables {Int+3} (You found it on level 3 of the Elven Halls)
 74913 | Elf:3    | Got an opal-encrusted leather armour
 74914 | Elf:3    | Identified the +1 leather armour of the Spheres {rF+ rCorr Str-2 Int+5} (You found it on level 3 of the Elven Halls)
 75112 | Elf:3    | Got a crude scale mail
 75113 | Elf:3    | Identified the +5 scale mail of the Good {rElec MR- Slay+2} (You found it on level 3 of the Elven Halls)
 75130 | Elf:3    | Got a translucent hand axe
 75131 | Elf:3    | Identified the cursed +1 hand axe of No Interval {elec, rN+ SInv} (You found it on level 3 of the Elven Halls)
 75846 | Orc:4    | Bought a wand of digging (13) for 510 gold pieces
 76229 | Slime:1  | Entered Level 1 of the Pits of Slime
 76448 | Slime:2  | Reached XP level 23. HP: 146/146 MP: 36/42
 76968 | Slime:6  | Entered Level 6 of the Pits of Slime
 77013 | Slime:6  | Noticed the royal jelly
 77190 | Slime:6  | Killed the royal jelly
 77190 | Slime:6  | Reached skill level 10 in Charms
 77628 | Slime:6  | Got a slimy rune of Zot
 77713 | Slime:6  | Got a twisted mace
 77714 | Slime:6  | Identified the +10 mace of the Salmon {pain, MR+ Str+4 Dex+3} (You found it on level 6 of the Pits of Slime)
 77894 | Slime:6  | Got a warped ring mail
 77921 | Slime:6  | Got a smoking leather armour
 77922 | Slime:6  | Identified the cursed +0 ring mail "Dycirair" {rPois MR+ MP+9 Dex+6} (You found it on level 6 of the Pits of Slime)
 77923 | Slime:6  | Identified the cursed +0 leather armour of Xaacusch {rC+ rN+} (You found it on level 6 of the Pits of Slime)
 77947 | Slime:6  | Got a shimmering ivory ring
 77948 | Slime:6  | Identified the cursed ring "Pogim" {-Tele MR++ EV-2 Int+11} (You found it on level 6 of the Pits of Slime)
 78688 | Vaults:5 | Entered Level 5 of the Vaults
 78688 | Vaults:5 | Noticed an ancient lich
 78865 | Vaults:5 | Noticed Jory
 78867 | Vaults:5 | Killed an ancient lich
 78979 | Vaults:5 | Killed from afar by a shadow dragon

Action                   |  1- 3 |  4- 6 |  7- 9 | 10-12 | 13-15 | 16-18 | 19-21 | 22-24 || total
-------------------------+-------+-------+-------+-------+-------+-------+-------+-------++-------
Melee: Whip              |    83 |    81 |       |       |       |       |       |       ||   164
       Dire flail        |       |    14 |    97 |   119 |    60 |       |       |       ||   290
       Staff             |       |       |       |       |   189 |       |       |       ||   189
       Dagger            |       |       |       |       |   257 |   299 |    62 |   121 ||   739
       Eveningstar       |       |       |       |       |    65 |       |       |       ||    65
 Cast: Flame Tongue      |    33 |    56 |   132 |   166 |   279 |   125 |    19 |     7 ||   817
       Conjure Flame     |       |     9 |     9 |     3 |    11 |     3 |       |       ||    35
       Sticky Flame      |       |     6 |    22 |    81 |   125 |    82 |    10 |     1 ||   327
       Fireball          |       |       |     2 |    16 |     4 |    43 |     4 |       ||    69
       Stone Arrow       |       |       |       |    65 |   243 |   259 |    70 |     9 ||   646
       Bolt of Draining  |       |       |       |    22 |   259 |   238 |   561 |   255 ||  1335
       Freezing Cloud    |       |       |       |       |    24 |    86 |   183 |    56 ||   349
       Bolt of Fire      |       |       |       |       |       |       |    46 |    69 ||   115
       Fire Storm        |       |       |       |       |       |       |       |    13 ||    13
Evoke: Wand              |       |       |       |       |       |       |       |     6 ||     6
  Use: Scroll            |       |       |    19 |     7 |    20 |    12 |     9 |    23 ||    90
       Potion            |       |       |       |     3 |     9 |     2 |     2 |     7 ||    23
 Stab: Sleeping          |     3 |     4 |     4 |     1 |       |       |       |     1 ||    13
  Eat: Chunk             |     5 |     9 |     8 |    14 |    31 |    10 |    26 |     8 ||   111
       Meat ration       |       |       |     2 |     3 |     3 |     7 |     4 |     4 ||    23
       Beef jerky        |       |       |     1 |       |       |     5 |     2 |     4 ||    12
       Royal jelly       |       |       |     1 |       |     1 |       |     1 |       ||     3
       Bread ration      |       |       |       |       |     1 |       |       |     1 ||     2
       Pizza             |       |       |       |       |       |       |     1 |       ||     1
